 Dungeon Sprint DCSS version 0.24-a0-778-g74da537585 (webtiles) character file.

Game seed: 3191286363566000173, levelgen mode: deterministic

82 Conn the Firebug (level 4, -1/24 HPs)
             Began as a Deep Elf Fire Elementalist on Oct 6, 2019.
             Was an Initiate of Sif Muna.
             Killed from afar by an oklob sapling wizard (9 damage)
             ... with a magic dart
             ... in the Dungeon (Sprint IV: "Fedhas' Mad Dash").
             The game lasted 00:02:18 (283 turns).

Conn the Firebug (Deep Elf Fire Elementalist)        Turns: 283, Time: 00:02:19

Health: -1/24      AC:  2    Str:  5    XL:     4   Next: 21%
Magic:  10/13      EV: 14    Int: 21    God:    Sif Muna [......]
Gold:   25         SH:  0    Dex: 15    Spells: 3/14 levels left

rFire    . . .     SeeInvis .   (no weapon)
rCold    . . .     Gourm    .   (no shield)
rNeg     . . .     Faith    .   a - +0 robe
rPois    .         Spirit   .   (no helmet)
rElec    .         Reflect  .   (no cloak)
rCorr    .         Harm     .   (no gloves)
MR       .....     NoTele   +   (no boots)
Stlth    +++.......             e - amulet of invisibility {+Inv}
HPRegen  0.08/turn              (no ring)
MPRegen  0.13/turn              (no ring)

@: very slightly contaminated, invisible
A: no striking features
a: Renounce Religion


You were in the Dungeon.
You worshipped Sif Muna.
Sif Muna was noncommittal.
You were not hungry.

You visited 1 branch You collected 25 gold pieces.

Inventory:

Armour
 a - a +0 robe (worn)
Jewellery
 e - the amulet of invisibility (around neck) {+Inv}
   (You found it in the Dungeon)

   [amulet of nothing]

   It lets you turn invisible.
Scrolls
 b - a scroll of identify {unknown}
 i - a scroll of blinking
Potions
 d - a potion of curing
 f - a potion of haste
 g - 2 potions of magic
 h - a potion of berserk rage
Comestibles
 c - a ration


   Skills:
 + Level 4.1 Dodging
 + Level 3.9 Stealth
 + Level 5.9 Spellcasting
 + Level 2.3 Conjurations
 + Level 7.3 Fire Magic
 + Level 0.5 Evocations


You had 3 spell levels left.
You knew the following spells:

 Your Spells              Type           Power        Failure   Level  Hunger
a - Flame Tongue          Conj/Fire      ####.        1%          1    None
b - Conjure Flame         Conj/Fire      ####....     4%          3    ##.....
c - Inner Flame           Hex/Fire       ###.....     7%          3    ##.....
d - Sticky Flame          Conj/Fire      ####....     14%         4    ####...

Your spell library contained the following spells:

 Spells                   Type           Power        Failure   Level  Hunger
 Throw Flame              Conj/Fire      ####..       1%          2    None
 Fireball                 Conj/Fire      ####......   36%         5    #####..


Dungeon Overview and Level Annotations

Branches:
Dungeon (1/1)

Altars:
Cheibriados
Dithmenos
Elyvilon
Gozag
Hepliaklqana
Kikubaaqudgha
Makhleb
Nemelex Xobeh
Okawaru
Qazlal
Ru
Sif Muna
Trog
Uskayaw
Vehumet
Wu Jian
Xom
Yredelemnul
Zin
The Shining One
Beogh
Jiyva
Lugonu

Annotations:
D exclusion: 2 oklob saplings


Message History

Confirm with . or Enter, or press ? or * to list all spells.
Okay, then.
You close the door.
You fade into invisibility!
You are very lightly contaminated with residual magic.
You feel quite a bit more hungry.
You open the door.
The oklob sapling wizard spits acid at something.
The splash of acid hits you!
You are splashed with acid!
There is an open door here.
Okay, then.
Casting: Flame Tongue (safe; 1% risk of failure)
Confirm with . or Enter, or press ? or * to list all spells.
Aiming: Flame Tongue (safe; 1% risk of failure)
Press: ? - help, Shift-Dir - straight line, f - oklob sapling wizard
Aim: an oklob sapling wizard The flame tongue hits the oklob sapling wizard but does no damage.
The oklob sapling wizard stares at you and mumbles some strange words.
The magic dart hits you!
You die...

#####################
...#.⌠._._._._.⌠.#.)+
.(.'.._._._._._..'.P#
...#..._._._._..@#..#
#+##.._._._._._..#.?#
#._._._._._.⌠.####
###############


You could see an oklob sapling wizard.

Vanquished Creatures
  An oklob sapling (D)
  A worker ant (D)
  A river rat (D)
  A rat (D)
4 creatures vanquished.

Notes
Turn   | Place    | Note
-------+----------+-------------------------------------------
     0 | D        | Conn the Deep Elf Fire Elementalist began the quest for the
                  | Orb.
     0 | D        | Reached XP level 1. HP: 10/10 MP: 6/6
     8 | D        | Reached skill level 4 in Fire Magic
     8 | D        | Reached XP level 2. HP: 15/15 MP: 3/8
    79 | D        | Noticed an oklob sapling
    83 | D        | Found the amulet of invisibility {+Inv}
    90 | D        | Reached skill level 6 in Fire Magic
    90 | D        | Reached XP level 3. HP: 17/19 MP: 2/11
   163 | D        | Found an opulent altar of Gozag.
   163 | D        | Found a hazy altar of Hepliaklqana.
   163 | D        | Found a burning altar of Makhleb.
   163 | D        | Found a roughly hewn altar of Beogh.
   163 | D        | Found a sparkling altar of Nemelex Xobeh.
   163 | D        | Found a snail-covered altar of Cheibriados.
   163 | D        | Found a sacrificial altar of Ru.
   163 | D        | Found a shimmering blue altar of Sif Muna.
   163 | D        | Found a shimmering altar of Xom.
   163 | D        | Found a basalt altar of Yredelemnul.
   164 | D        | Found a viscous altar of Jiyva.
   164 | D        | Found a bloodstained altar of Trog.
   164 | D        | Found an ornate altar of the Wu Jian Council.
   164 | D        | Noticed an oklob sapling priest
   166 | D        | Found an iron altar of Okawaru.
   166 | D        | Found a glowing silver altar of Zin.
   166 | D        | Found a shadowy altar of Dithmenos.
   167 | D        | Found a hide-covered altar of Uskayaw.
   167 | D        | Found an ancient bone altar of Kikubaaqudgha.
   168 | D        | Found a stormy altar of Qazlal.
   168 | D        | Found a glowing golden altar of the Shining One.
   168 | D        | Found a white marble altar of Elyvilon.
   169 | D        | Found a radiant altar of Vehumet.
   169 | D        | Found a corrupted altar of Lugonu.
   171 | D        | Became a worshipper of Sif Muna the Loreminder
   178 | D        | Killed an oklob sapling priest
   178 | D        | Reached skill level 5 in Spellcasting
   178 | D        | Reached skill level 7 in Fire Magic
   178 | D        | Reached XP level 4. HP: 24/24 MP: 3/13
   267 | D        | Learned a level 3 spell: Conjure Flame
   271 | D        | Learned a level 3 spell: Inner Flame
   276 | D        | Learned a level 4 spell: Sticky Flame
   283 | D        | Killed from afar by an oklob sapling wizard

Levels and vault maps discovered:
D:        dungeon_sprint_fedhas [sprint_temple]

Skill      XL: |  1  2  3 |
---------------+----------+-----
Dodging        | 3 4 |  4.1
Fire Magic     | 4 6 7 |  7.3
Stealth        | 3 |  3.9
Spellcasting   | 4 5 |  5.9
Conjurations   | 2 |  2.3
Evocations     | |  0.5

Action                   |  1- 3 |  4- 6 || total
-------------------------+-------+-------++-------
 Cast: Flame Tongue      |    18 |     2 ||    20
 Abil: Evoke Invisibilit |     1 |     1 ||     2
  Use: Potion            |     1 |       ||     1
Dodge: Dodged            |     2 |       ||     2

Table legend:
 A = Non-vault XP
 B = Vault XP
 C = Vault XP percentage of total XP
 D = Non-vault monster count
 E = Vault monster count
 F = Vault count percentage of total count
                 A         B        C        D         E       F
            +---------+---------+-------+---------+---------+-------
      Total |       0 |     118 | 100.0 |       0 |       4 | 100.0
            +---------+---------+-------+---------+---------+-------
          D |       0 |     118 | 100.0 |       0 |       4 | 100.0
            +---------+---------+-------+---------+---------+-------
